 Dungeon Crawl Stone Soup version 0.31-a0-431-g88bdf31460 (webtiles) character file.

Game seed: 15331983857955452913

5 HallandMoats the Trooper (level 1, -2/20 HPs)
             Began as a Minotaur Fighter on July 31, 2023.
             Succumbed to a kobold's poison
             ... on level 1 of the Dungeon.
             The game lasted 00:00:31 (233 turns).

HallandMoats the Trooper (Minotaur Fighter)          Turns: 233, Time: 00:00:32

Health: -2/20      AC:  7    Str: 20    XL:     1   Next: 66%
Magic:  0/0        EV:  9    Int:  5    God:
Gold:   3          SH:  4    Dex:  9    Spells: 0/0 levels left

rFire   + . .        a - +0 war axe
rCold   + . .        c - +0 buckler
rNeg    . . .        b - +0 scale mail
rPois   +            (helmet restricted)
rElec   +            (no cloak)
rCorr   +            (no gloves)
SInv    .            (no boots)
Will    .....        (no amulet) Stlth
                     (no ring)
HPRegen 0.23/turn    (no ring)
MPRegen 0.07/turn

%: no passive effects
@: lethally poisoned (-2 -> -22), resistant
A: horns 2, retaliatory headbutt
a: no special abilities


You were on level 1 of the Dungeon.
You visited 1 branch of the dungeon, and saw 1 of its levels.

You collected 3 gold pieces.

Inventory:

Hand Weapons
 a - a +0 war axe (weapon)
Armour
 b - a +0 scale mail (worn)
 c - a +0 buckler (worn)
Scrolls
 e - a scroll of poison {unknown}
Potions
 d - 2 potions of might
 f - a potion of resistance


   Skills:
 * Level 3.7 Fighting
 * Level 2.6 Axes
 + Level 3.7 Armour
 + Level 0.2 Dodging
 + Level 3.6 Shields


You couldn't memorise any spells.
You didn't know any spells.
Your spell library was empty.

Dungeon Overview and Level Annotations

Branches:
Dungeon (1/15)

Altars:


Innate Abilities, Weirdness & Mutations

You have a pair of horns on your head.
You reflexively headbutt those who attack you in melee.


Message History

There is a faded altar of an unknown god here.
A bat comes into view.
A bat is nearby!
A bat is nearby!
The bat barely misses you. You furiously retaliate!
You headbutt the bat!
You kill the bat!
You see here a bat corpse.
A kobold comes into view. It is wielding a +0 dagger of venom.
The kobold shouts!
A kobold is nearby!
A kobold is nearby!
A dart slug comes into view.
The kobold hits you but does no damage.
You are poisoned.
You closely miss the kobold.
You feel very sick. You block the kobold's attack.
The kobold closely misses you. The dart slug launches a dart at you.
The slug dart hits you.
You barely miss the kobold.
You feel sick. The kobold hits you but does no damage.
You are lethally poisoned!
The dart slug launches a dart at you.
The slug dart hits you but does no damage.
You hit the kobold.
The kobold is moderately wounded.
* * * LOW HITPOINT WARNING * * *
You feel very sick. The kobold hits you but does no damage.
You are more poisoned.
You closely miss the kobold. You headbutt the kobold.
The kobold is moderately wounded.
* * * LOW HITPOINT WARNING * * *
You feel very sick. The kobold hits you but does no damage.
You are more poisoned.
The kobold hits you but does no damage.
It was a potion of resistance.
You feel protected.
You die...

.......# .......#
.......# #.###### #.#
### ..# ######.. ###
#....#.####### ..######
#.##.K...w....
#......####.####@#######
######...##..†..........
# ###...####.######## #
###..#..... ##.#.#.####
#...#..... ##....#
#########.##.#
####....#.......# #


You could see a dart slug and a kobold.

Vanquished Creatures
  An endoplasm (D:1)
  A kobold (D:1)
  A bat (D:1)
  3 frilled lizards (D:1)
6 creatures vanquished.

Notes
Turn   | Place    | Note
-------+----------+-------------------------------------------
     0 | D:1      | HallandMoats the Minotaur Fighter began the quest for the
                  | Orb.
     0 | D:1      | Reached XP level 1. HP: 19/19 MP: 0/0
    45 | D:1      | Found a faded altar of an unknown god.
   232 | D:1      | HP: 1/20 [poisoned by a kobold]
   233 | D:1      | Succumbed to a kobold's poison

Illustrated notes

Levels and vault maps discovered:
D:1:      wander_arrival_peaceful_grave, layout_basic,
          shapermc_ecumenical_altar_gd, minmay_worlds_worst_comb

Action                     || total
---------------------------++-------
  Melee: War axe           ||    13
         Headbutt          ||     2
    Use: Potion            ||     1
 Armour: Scale mail        ||     9
  Dodge: Dodged            ||     3
  Block: Buckler           ||     2

Table legend: (Time is in decaauts)
 A = Elapsed time spent in this place.
 B = Non-inter-level travel time spent in this place.
 C = Inter-level travel time spent in this place.
 D = Time resting spent in this place.
 E = Time spent auto-exploring this place.
 F = Levels seen in this place.
 G = Mean time per level.
                   A        B        C        D        E       F      G
               +--------+--------+--------+--------+--------+-----+--------+
         Total |    238 |    238 |      0 |      0 |    187 |   1 |  238.0 |
       Dungeon |    238 |    238 |      0 |      0 |    187 |   1 |  238.0 |
               +--------+--------+--------+--------+--------+-----+--------+

Top non-repeatable levels by time:
     D:1: 238 daAuts
